 Dungeon Crawl Stone Soup version 0.24.0-125-gc4c63601f3 (webtiles) character file.

Game seed: 2246000866565237699, levelgen mode: deterministic

9026 Curus the Cruncher (level 11, -7/64 HPs)
             Began as a Gargoyle Gladiator on Mar 2, 2020.
             Was an Elder of Makhleb.
             Impaled on a porcupine's spines (14 damage)
             ... on level 1 of the Lair of Beasts.
             The game lasted 00:40:07 (9266 turns).

Curus the Cruncher (Gargoyle Gladiator)             Turns: 9266, Time: 00:40:07

Health: -7/64      AC: 23    Str: 20    XL:     11   Next: 40%
Magic:  15/15      EV:  7    Int: 14    God:    Makhleb [****..]
Gold:   489        SH:  0    Dex: 14    Spells: 10/10 levels left

rFire    . . .     SeeInvis .   a - +1 quarterstaff
rCold    . . .     Gourm    .   (shield currently unavailable)
rNeg     + . .     Faith    .   n - +0 plate armour
rPois    ∞         Spirit   .   c - +2 helmet
rElec    +         Reflect  .   (no cloak)
rCorr    +         Harm     .   (no gloves)
MR       .....     Rnd*Tele +   (no boots)
Stlth    ..........             (no amulet)
HPRegen  0.20/turn              e - +5 ring of intelligence
MPRegen  0.14/turn              v - ring of resist corrosion

@: no status effects
A: negative energy resistance 1, electricity resistance, strong 1, teleportitis
1, unbreathing, petrification resistance, rot immunity, AC +8
a: Minor Destruction, Lesser Servant of Makhleb, Major Destruction, Renounce
Religion


You were on level 1 of the Lair of Beasts.
You worshipped Makhleb.
Makhleb was greatly pleased with you.
You were not hungry.

You visited 2 branches of the dungeon, and saw 9 of its levels.

You collected 489 gold pieces.

Inventory:

Hand Weapons
 a - a +1 quarterstaff (weapon)
 q - the +6 flail "Killer Klown's Foe" {crush, Str+4}
   (You found it on level 5 of the Dungeon)

   It inflicts extra damage upon your enemies.
   It affects your strength (+4).
Missiles
 d - 3 throwing nets (quivered)
Armour
 b - a +0 leather armour
 c - a +2 helmet (worn)
 g - a +0 chain mail
 n - a +0 plate armour (worn)
 C - a +1 hat
Jewellery
 e - a +5 ring of intelligence (left hand)
 o - the ring "Ruviq" {rCorr Int+5 Dex-5}
   (You found it on level 5 of the Dungeon)

   [ring of resist corrosion]

   It affects your intelligence (+5).
   It affects your dexterity (-5).
   It provides partial protection from all sources of acid and corrosion.
 r - an uncursed amulet of inaccuracy
 v - a ring of resist corrosion (right hand)
 y - an uncursed ring of teleportation
Wands
 k - a wand of paralysis (24)
 s - a wand of enslavement (10)
 t - a wand of random effects (5)
 u - a wand of iceblast (5)
Scrolls
 h - 10 scrolls of identify
 i - 2 scrolls of fear
 l - 3 scrolls of remove curse
 m - 2 scrolls of magic mapping
 p - a scroll of teleportation
 x - a scroll of amnesia
Potions
 j - 2 potions of magic
 w - 2 potions of curing
 z - a potion of haste
 A - a potion of flight
Comestibles
 f - 15 rations


   Skills:
 - Level 5.3 Fighting
 - Level 14.0 Staves
 - Level 1.7 Throwing
 - Level 4.7 Armour
 - Level 2.4 Dodging
 + Level 5.9 Invocations
 + Level 4.8 Evocations


You had 10 spell levels left.
You didn't know any spells.
Your spell library contained the following spells:

 Spells                   Type           Power        Failure   Level  Hunger
 Animate Skeleton         Necr           N/A          100%        1    ##.....
 Confusing Touch          Hex            #.....       100%        1    ##.....
 Pain                     Necr           #...         100%        1    ##.....
 Summon Small Mammal      Summ           #...         100%        1    ##.....
 Call Imp                 Summ           #.......     100%        2    ###....
 Call Canine Familiar     Summ           #.......     100%        3    ####...
 Confuse                  Hex            #.......     100%        3    ####...
 Gell's Gravitas          Tloc           #.........   100%        3    ####...
 Regeneration             Chrm/Necr      #.........   100%        3    ####...
 Summon Guardian Golem    Hex/Summ       #.......     100%        3    ####...
 Vampiric Draining        Necr           #.........   100%        3    ####...
 Animate Dead             Necr           N/A          100%        4    #####..
 Petrify                  Tmut/Erth      #.......     100%        4    #####..
 Summon Ice Beast         Ice/Summ       #.......     100%        4    #####..
 Summon Lightning Spire   Summ/Air       #.......     100%        4    #####..
 Metabolic Englaciation   Hex/Ice        #.........   100%        5    ######.
 Yara's Violent Unravell  Hex/Tmut       #.........   100%        5    ######.


Dungeon Overview and Level Annotations

Branches:
Dungeon (8/15)             Temple (0/1) D:7            Lair (1/6) D:8

Altars:
Dithmenos
Fedhas
Gozag
Hepliaklqana
Makhleb
Nemelex Xobeh
Okawaru
Ru
Trog
Wu Jian
The Shining One

Shops:
D:6 [   D:8 [

Annotations:
Lair:1 exclusion: oklob plant


Innate Abilities, Weirdness & Mutations

You are resistant to torment.
Your stone body is resilient. (AC +8)
You are immune to poison.
You resist negative energy. (rN+)
You are resistant to electric shocks. (rElec)
You can survive without breathing.
You are immune to petrification.
You are immune to rotting.
Your muscles are strong. (Str +2)
You are occasionally teleported next to monsters.


Message History

A demon appears!
The komodo dragon bites you!
* * * LOW HITPOINT WARNING * * *
The porcupine bites you.
* * * LOW HITPOINT WARNING * * *
Unknown command.
You hit the komodo dragon but do no damage.
The komodo dragon is moderately wounded.
The komodo dragon bites you!
* * * LOW HITPOINT WARNING * * *
The porcupine bites you but does no damage.
Your hellwing is struck by the porcupine's spines.
Your hellwing barely misses the porcupine.
Your hellwing hits the porcupine but does no damage.
The porcupine closely misses you.
Your hellwing completely misses the porcupine.
Your hellwing hits the porcupine but does no damage.
The porcupine barely misses you.
You closely miss the porcupine.
You are struck by the porcupine's spines.
You die...

.#...P.###.
...............
..................
.##.###..........
.#..###.........
.##..#.........# #
#.####.........#
##P## .##
$.........##$...#
.#
#......$.lr@....#
.##
#........4##....#
#.##..#........#
....#
.............4.#
.....#
.#.............#
.......
.#.....#.......#
##.###.
.####.#.........
.#
.................
..
.##.#############.


You could see a komodo dragon, a porcupine and a friendly hellwing.

Vanquished Creatures
  Joseph (D:8)
  A spiny frog (Lair:1)
  5 blink frogs (Lair:1)
  2 hippogriffs
  7 yaks
  A basilisk (Lair:1)
  2 hogs (D:7)
  A human (D:7)
  Menkaure (D:7)
  4 water moccasins
  13 porcupines
  4 orc warriors
  3 ice beasts
  3 black bears (D:8)
  A phantom (D:7)
  A sky beast (D:6)
  A necrophage (D:6)
  4 ogres
  A centaur (D:8)
  3 wolves (Lair:1)
  A crocodile (Lair:1)
  4 scorpions
  4 killer bees (D:7)
  3 wights (D:5)
  A howler monkey (D:5)
  3 crimson imps
  A quasit (D:7)
  An iguana (D:8)
  5 orc priests
  A gnoll shaman (D:5)
  8 orc wizards
  A jelly (D:5)
  Terence (D:3)
  3 bullfrog skeletons
  7 worker ants
  A hound zombie (D:6)
  2 hound skeletons
  A worker ant zombie (D:5)
  10 gnolls
  2 howler monkey skeletons
  14 adders
  A shadow imp (D:8)
  3 oozes
  2 adder zombies
  3 adder skeletons
  4 worms
  3 dart slugs
  A leopard gecko (D:4)
  26 orcs
  2 ball pythons
  4 giant cockroaches
  10 goblins
  8 hobgoblins
  16 jackals
  9 kobolds
  7 quokkas
  8 bats
  10 frilled lizards
  A quokka zombie (D:5)
  9 rats
260 creatures vanquished.

Vanquished Creatures (others)
  A fungus (D:8)
  A plant (Lair:1)
2 creatures vanquished.

Grand Total: 262 creatures vanquished

Notes
Turn   | Place    | Note
-------+----------+-------------------------------------------
     0 | D:1      | Curus the Gargoyle Gladiator began the quest for the Orb.
     0 | D:1      | Reached XP level 1. HP: 12/12 MP: 1/1
   144 | D:1      | Reached XP level 2. HP: 17/17 MP: 2/2
   307 | D:1      | Reached skill level 4 in Staves
   312 | D:1      | Reached XP level 3. HP: 17/21 MP: 3/3
   456 | D:1      | Found a sparkling altar of Nemelex Xobeh.
   663 | D:2      | Reached XP level 4. HP: 26/26 MP: 4/4
   742 | D:2      | Gained mutation: You are occasionally teleported next to
                  | monsters. [potion of mutation]
   742 | D:2      | Gained mutation: Your muscles are strong. (Str +2) [potion
                  | of mutation]
   784 | D:2      | Reached skill level 5 in Staves
   915 | D:2      | Reached XP level 5. HP: 30/30 MP: 5/5
  1196 | D:2      | Reached skill level 6 in Staves
  1410 | D:3      | Noticed an orc warrior
  1631 | D:3      | Found a sparkling altar of Nemelex Xobeh.
  1782 | D:3      | Noticed Terence
  1789 | D:3      | Killed Terence
  1789 | D:3      | Reached XP level 6. HP: 24/35 MP: 6/6
  2040 | D:3      | HP: 1/35 [orc warrior/+0 hand axe (9)]
  2093 | D:3      | Reached skill level 7 in Staves
  2469 | D:3      | Killed an orc warrior
  2500 | D:3      | Reached XP level 7. HP: 33/40 MP: 7/7
  2733 | D:4      | Reached skill level 8 in Staves
  2771 | D:4      | Found an opulent altar of Gozag.
  2771 | D:4      | Found a burning altar of Makhleb.
  2792 | D:4      | Became a worshipper of Makhleb the Destroyer
  2903 | D:4      | Found a blossoming altar of Fedhas.
  3241 | D:4      | Found a glowing golden altar of the Shining One.
  3796 | D:4      | Reached skill level 9 in Staves
  3928 | D:5      | Entered Level 5 of the Dungeon
  3943 | D:5      | Reached * piety under Makhleb
  3968 | D:5      | Reached XP level 8. HP: 29/44 MP: 8/8
  4110 | D:5      | Reached skill level 10 in Staves
  4129 | D:5      | Got a translucent flail
  4217 | D:5      | Found an ornate altar of the Wu Jian Council.
  4623 | D:5      | Got a shimmering ivory ring
  4632 | D:5      | Identified the ring "Ruviq" {rCorr Int+5 Dex-5} (You found
                  | it on level 5 of the Dungeon)
  4648 | D:5      | Reached skill level 11 in Staves
  4705 | D:5      | Noticed a freezing wraith
  4778 | D:4      | Identified the +6 flail "Killer Klown's Foe" {crush, Str+4}
                  | (You found it on level 5 of the Dungeon)
  4945 | D:6      | Found Gisutom's Antique Armour Shop.
  4991 | D:6      | Reached XP level 9. HP: 32/48 MP: 9/9
  5050 | D:6      | Found a sacrificial altar of Ru.
  5244 | D:6      | Reached ** piety under Makhleb
  5553 | D:6      | Reached skill level 12 in Staves
  5837 | D:6      | Found a hazy altar of Hepliaklqana.
  6079 | D:7      | Noticed Menkaure
  6092 | D:7      | Killed Menkaure
  6149 | D:7      | Found a staircase to the Ecumenical Temple.
  6430 | D:7      | Found an iron altar of Okawaru.
  6545 | D:7      | Reached skill level 13 in Staves
  6866 | D:7      | Reached *** piety under Makhleb
  6866 | D:7      | Reached XP level 10. HP: 30/53 MP: 10/10
  7213 | D:7      | Reached skill level 14 in Staves
  7221 | D:7      | Reached skill level 1 in Armour
  7463 | D:7      | Found a shadowy altar of Dithmenos.
  7637 | D:8      | Found Yhisis's Antique Armour Emporium.
  7727 | D:8      | Found a bloodstained altar of Trog.
  7973 | D:8      | Noticed Joseph
  7996 | D:8      | Killed Joseph
  7996 | D:8      | Reached skill level 5 in Fighting
  8355 | D:8      | Found a staircase to the Lair.
  8417 | Lair:1   | Entered Level 1 of the Lair of Beasts
  8435 | Lair:1   | Reached skill level 1 in Invocations
  8444 | Lair:1   | Reached skill level 1 in Evocations
  8487 | Lair:1   | Reached XP level 11. HP: 64/64 MP: 13/13
  8640 | Lair:1   | Reached **** piety under Makhleb
  8655 | Lair:1   | Reached skill level 5 in Invocations
  8723 | Lair:1   | Noticed an oklob plant
  9266 | Lair:1   | Impaled on a porcupine's spines

Levels and vault maps discovered:
D:1:      roderic_octagonal_star, layout_rooms, minmay_misc_feat_five,
          nemelex_diamond_rough_becter
D:2:      layout_loops_ring, minmay_joined_circles
D:3:      minmay_spotlight, layout_basic, nemelex_xobeh_ov_fountains_minmay,
          uniq_terence
D:4:      layout_basic, fedhas_altar_1, overflow_temple_1_default,
          gammafunk_temple_overflow_wave
D:5:      layout_basic, lemuel_round_altar, first_ration,
          minmay_misc_feat_more_columns, nzn_random_ring
D:6:      layout_basic, kennysheep_little_box, lemuel_crystal_altar,
          serial_shops, shop, grunt_ministairs_4
D:7:      layout_layer_cave, lemuel_crystal_altar,
          minmay_temple_entry_offerings, grunt_livestock, okawaru_trees_2,
          uniq_menkaure
D:8:      layout_loops_corners, grunt_lair_entry_orc_guard_hut, serial_shops,
          kennysheep_mini_moat, trog_ov_bears_minmay, uniq_joseph
Lair:1:   layout_regular_city, beast_lair_carwin_10, grunt_megastairs_5,
          minmay_lair_oklob_chamber, serial_bayou_shore_a

Skill      XL: |  1  2  3  4  5  6  7  8  9 10 11 |
---------------+----------------------------------+-----
Staves         | 4 5 6 7 9 11 13 14 | 14.0
Armour         | 4 |  4.7
Fighting       | 5 |  5.3
Invocations    | 3 5 |  5.9
Evocations     | 2 4 |  4.8
Throwing       | |  1.7
Dodging        | |  2.4

Action                   |  1- 3 |  4- 6 |  7- 9 | 10-12 || total
-------------------------+-------+-------+-------+-------++-------
Melee: Quarterstaff      |    74 |   229 |   513 |   382 ||  1198
Invok: Minor Destruction |       |       |       |     2 ||     2
       Lesser Servant of |       |       |       |     1 ||     1
Evoke: Wand              |       |     1 |     1 |     3 ||     5
  Use: Scroll            |     5 |     4 |     6 |     2 ||    17
       Potion            |       |     5 |     4 |     1 ||    10
 Stab: Invisible         |       |     2 |       |       ||     2
       Paralysed         |       |     5 |       |       ||     5
  Eat: Chunk             |       |     5 |     7 |     5 ||    17
       Ration            |       |       |     2 |     1 ||     3
Armor: Leather armour    |    35 |       |       |       ||    35
       Chain mail        |     4 |   185 |       |       ||   189
       Plate armour      |       |     1 |   360 |   214 ||   575
Dodge: Dodged            |    75 |    98 |   121 |   102 ||   396
